 Dungeon Crawl Stone Soup version 0.31-a0-4-gefa6de2278 (webtiles) character file.

Game seed: 5814304589315827487

147 cheesebisquit the Chiller (level 5, 0/35 HPs)
             Began as a Merfolk Ice Elementalist on May 4, 2023.
             Slain by a black bear (5 damage)
             ... on level 4 of the Dungeon.
             The game lasted 00:09:27 (3946 turns).

cheesebisquit the Chiller (MfIE)                    Turns: 3946, Time: 00:09:28

Health: 0/35       AC:  2    Str:  8    XL:     5   Next: 29%
Magic:  4/9        EV: 12    Int: 17    God:
Gold:   224        SH:  0    Dex: 14    Spells: 3/10 levels left

rFire   + . .        l - +3 whip
rCold   . . .        (no shield)
rNeg    . . .        a - +0 robe
rPois   .            (no helmet)
rElec   .            (no cloak)
rCorr   .            (no gloves)
SInv    .            (no boots)
Will    .....        (no amulet)
Stlth   ++           c - ring of protection from fire
HPRegen 0.25/turn    r - ring of wizardry
MPRegen 0.11/turn

%: wizardry (x1)
@: no status effects
A: (nimble swimmer 2), mertail
a: no special abilities


You were on level 4 of the Dungeon.
You visited 1 branch of the dungeon, and saw 4 of its levels.

You collected 224 gold pieces.

Inventory:

Hand Weapons
 l - a +3 whip (weapon)
Missiles
 p - 16 poisoned darts
Armour
 a - a +0 robe (worn)
Jewellery
 c - a ring of protection from fire (left hand)
 r - a ring of wizardry (right hand)
Wands
 n - a wand of flame (22)
Scrolls
 e - 2 scrolls of identify {unknown}
 g - a scroll of poison {unknown}
 i - a scroll of enchant weapon {unknown}
 k - 3 scrolls of noise {unknown}
 m - a scroll of immolation {unknown}
 o - 3 scrolls of enchant armour {unknown}
 q - a scroll of brand weapon {unknown}
 t - a scroll of amnesia {unknown}
 u - a scroll of teleportation {unknown}
 v - a scroll of torment {unknown}
Potions
 b - a potion of magic
 d - a potion of degeneration {unknown}
 f - 4 potions of heal wounds {unknown}
 h - a potion of curing {unknown}
 j - a potion of brilliance {unknown}
 s - 2 potions of ambrosia {unknown}


   Skills:
 - Level 2.6 Dodging
 - Level 2.1 Stealth
 + Level 3.2 Spellcasting
 * Level 6.3 Ice Magic


You had 3 spell levels left.
You knew the following spells:

 Your Spells              Type           Power      Damage    Failure   Level
a - Freeze                Ice            96%        1d10      1%          1
x - Frozen Ramparts       Ice            48%        1d8       1%          3
z - Ozocubu's Armour      Ice            24%        N/A       1%          3

Your spell library contained the following spells:

 Spells                   Type           Power      Damage    Failure   Level
 Summon Ice Beast         Ice/Summ       13%        N/A       19%         4
 Simulacrum               Ice/Necr       6%         N/A       94%         6
 Ozocubu's Refrigeration  Ice            12%        4d10      98%         7
 Polar Vortex             Ice            12%        N/A       100%        9


Dungeon Overview and Level Annotations

Branches:
Dungeon (4/15)
 Temple: D:4-7

Altars:

Annotations:
D:3 1 runed translucent door, Crazy Yiuf


Innate Abilities, Weirdness & Mutations

((You are very nimble when in or above water. (Stealth+, EV+, Speed+++)))
Your lower body shifts to a powerful aquatic tail in water.


Message History

The endoplasm is lightly wounded.
The endoplasm hits you.
You freeze the endoplasm.
You kill the endoplasm!
There is an open door here.
You open the door.
There is an open door here.
An adder comes into view.
The adder hisses angrily.
A black bear comes into view.
The black bear moves out of view.
You closely miss the adder. The adder completely misses you.
You freeze the adder.
The adder is heavily wounded.
The black bear growls angrily.
The adder closely misses you. The adder barely misses you.
You freeze the adder!
You kill the adder!
You freeze the black bear.
The black bear is moderately wounded.
The black bear bites you. The black bear claws you. x2
You freeze the black bear.
The black bear is heavily wounded.
The black bear bites you. The black bear claws you. x2
Okay, then.
Aiming: Freeze (safe; 1% risk of failure)
Press: ? - help, Q - select action, (/) - cycle Shift-Dir - straight line, f/p - black bear
Aim: a black bear (heavily wounded)
You freeze the black bear!
The black bear is severely wounded.
The black bear goes berserk!
Aiming: Freeze (safe; 1% risk of failure)
Press: ? - help, Q - select action, (/) - cycle Shift-Dir - straight line, f/p - black bear
Aim: a black bear (severely wounded, berserk)
You freeze the black bear!
The black bear is almost dead.
The black bear bites you.
* * * LOW HITPOINT WARNING * * *
The black bear claws you.
You die...

#. #..# #. #..#
#.###..## #.#.....## ##
##...##...# ...
####.##...# ..#
.###.##...#########...##
.'......................
.####....#######@##...#
## ##.#.# #h# # # ###.#
#.# #.# #.# #.# #.# #.#
#.. #######.# #..
#.......# #.# #^#######


You could see a black bear (berserk).

Vanquished Creatures
  Jessica (D:2)
  4 adders
  A worm (D:2)
  6 dart slugs
  3 orcs (D:3)
  6 endoplasms
  3 giant cockroaches
  6 goblins
  3 hobgoblins
  5 jackals
  2 quokkas
  3 ball pythons
  4 bats
  4 frilled lizards
  9 kobolds
  7 rats
67 creatures vanquished.

Vanquished Creatures (others)
  A plant (D:3)
1 creature vanquished.

Grand Total: 68 creatures vanquished

Notes
Turn   | Place    | Note
-------+----------+-------------------------------------------
     0 | D:1      | cheesebisquit the Merfolk Ice Elementalist began the quest
                  | for the Orb.
     0 | D:1      | Reached XP level 1. HP: 13/13 MP: 3/3
   118 | D:1      | Reached XP level 2. HP: 19/19 MP: 0/5
   476 | D:1      | Reached skill level 5 in Ice Magic
   541 | D:1      | Found a faded altar of an unknown god.
   548 | D:1      | Reached XP level 3. HP: 20/24 MP: 0/6
  1333 | D:2      | Learned a level 3 spell: Ozocubu's Armour
  1337 | D:2      | Learned a level 3 spell: Frozen Ramparts
  1878 | D:2      | Reached XP level 4. HP: 28/30 MP: 8/8
  2016 | D:2      | Noticed Jessica
  2038 | D:2      | Killed Jessica
  2039 | D:2      | Reached skill level 6 in Ice Magic
  2175 | D:2      | Reached XP level 5. HP: 35/35 MP: 6/9
  3380 | D:3      | Found a runed translucent door.
  3381 | D:3      | Noticed Crazy Yiuf
  3936 | D:4      | Noticed a black bear
  3946 | D:4      | Slain by a black bear

Illustrated notes

Levels and vault maps discovered:
D:1:      tarquinn_simple_flora_water_c, layout_basic,
          hellmonk_ecumenical_altar_lost_god
D:2:      layout_loops_ring, serial_rivers, chequers_serial_rivers_small_b,
          chequers_serial_rivers_small_a, chequers_serial_rivers_micro_b,
          chequers_serial_rivers_micro_a, chequers_serial_rivers_micro_e,
          chequers_serial_rivers_small_3, uniq_jessica
D:3:      layout_rooms, serial_forest, infiniplex_forest_clump_curved,
          infiniplex_forest_zigzag_1, infiniplex_forest_straight_5,
          infiniplex_forest_clump_medium, infiniplex_forest_corner_1,
          infiniplex_forest_corner_1, infiniplex_forest_straight_2,
          infiniplex_forest_clump_diagonal, infiniplex_forest_lined_room_3,
          infiniplex_forest_end_double, uniq_crazy_yiuf_cottage
D:4:      layout_loops_corners

Skill      XL: |  1  2  3  4 |
---------------+-------------+-----
Ice Magic      | 5 6 |  6.3
Spellcasting   | 3 |  3.2
Dodging        | |  2.6
Stealth        | |  2.1

Action                     |  1- 3 |  4- 6 || total
---------------------------+-------+-------++-------
  Melee: Whip              |    33 |    21 ||    54
   Cast: Freeze            |    45 |    32 ||    77
         Frozen Ramparts   |     5 |     4 ||     9
         Ozocubu's Armour  |     4 |     3 ||     7
   Stab: Sleeping          |     2 |     3 ||     5
 Armour: Robe              |    11 |     5 ||    16
  Dodge: Dodged            |    43 |    28 ||    71

Table legend: (Time is in decaauts)
 A = Elapsed time spent in this place.
 B = Non-inter-level travel time spent in this place.
 C = Inter-level travel time spent in this place.
 D = Time resting spent in this place.
 E = Time spent auto-exploring this place.
 F = Levels seen in this place.
 G = Mean time per level.
                   A        B        C        D        E       F      G
               +--------+--------+--------+--------+--------+-----+--------+
         Total |   3930 |   3706 |    224 |      2 |   3220 |   4 |  982.5 |
       Dungeon |   3930 |   3706 |    224 |      2 |   3220 |   4 |  982.5 |
               +--------+--------+--------+--------+--------+-----+--------+

Top non-repeatable levels by time:
     D:1: 1364 daAuts
     D:2: 1289 daAuts
     D:3: 898 daAuts
     D:4: 377 daAuts
